 Dungeon Crawl Stone Soup version 0.27-a0-732-ga892ba84f6 (webtiles) character file.

Game seed: 7164517679450115992

3156 HendSelp the Destroyer (level 9, -4/63 (66) HPs)
             Began as a Gnoll Conjurer on Mar 23, 2021.
             Was a Follower of Vehumet.
             Slain by Joseph
             ... wielding a +2 quarterstaff of draining
              (5 damage)
             ... on level 8 of the Dungeon.
             The game lasted 00:13:41 (9575 turns).

HendSelp the Destroyer (Gnoll Conjurer)             Turns: 9575, Time: 00:13:43

HP:   -4/63 (66)    AC:  5    Str:  8    XL:     9   Next: 93%
MP:   2/19          EV: 14    Int: 20    God:    Vehumet [*.....]
Gold: 223           SH:  0    Dex: 10    Spells: 9/22 levels left

rFire    + + .     SeeInvis .   y - staff of conjuration
rCold    + . .     Faith    .   (no shield)
rNeg     . . .     Spirit   .   C - +2 robe {Will+}
rPois    +         Reflect  .   (no helmet)
rElec    +         Harm     .   (no cloak)
rCorr    +         Rampage  .   (no gloves)
Will     +....                  g - +0 pair of boots
Stlth    +++.......             (no amulet)
HPRegen  0.20/turn              l - ring of poison resistance
MPRegen  0.16/turn              A - ring of protection from fire

@: resistant, hasted, lightly drained, very quick
A: fangs 1, strong nose, distributed training
a: Renounce Religion


You were on level 8 of the Dungeon.
You worshipped Vehumet.
Vehumet was aware of your devotion.
You visited 1 branch of the dungeon, and saw 8 of its levels.

You collected 223 gold pieces.

Inventory:

Armour
 g - a +0 pair of boots (worn)
 r - a +0 tower shield
 C - a +2 robe of willpower (worn)
Magical Staves
 y - a staff of conjuration (weapon)
 E - a staff of death
Jewellery
 l - a ring of poison resistance (right hand)
 A - a ring of protection from fire (left hand)
Wands
 a - a wand of flame (18)
 G - a wand of polymorph (6)
Scrolls
 c - a scroll of acquirement {unknown}
 f - 2 scrolls of enchant weapon {unknown}
 h - a scroll of fear {unknown}
 j - a scroll of immolation {unknown}
 o - 3 scrolls of teleportation {unknown}
 q - a scroll of silence {unknown}
 t - a scroll of magic mapping {unknown}
 u - a scroll of enchant armour {unknown}
 w - a scroll of amnesia {unknown}
 x - a scroll of summoning {unknown}
 D - a scroll of vulnerability {unknown}
 F - a scroll of fog {unknown}
Potions
 b - 4 potions of curing
 d - a potion of mutation {unknown}
 e - a potion of resistance
 k - 3 potions of flight
 m - a potion of lignification {unknown}
 p - 2 potions of haste
 s - a potion of attraction {unknown}
 v - 3 potions of might
 z - a potion of degeneration {unknown}
 B - a potion of heal wounds {unknown}


   Skills:
 + Level 4.7 Fighting
 + Level 4.7 Short Blades
 + Level 4.7 Long Blades
 + Level 4.7 Axes
 + Level 4.7 Maces & Flails
 + Level 4.7 Polearms
 + Level 4.7 Staves
 + Level 4.7 Slings
 + Level 4.7 Bows
 + Level 4.7 Crossbows
 + Level 4.7 Throwing
 + Level 4.7 Armour
 + Level 6.6 Dodging
 + Level 6.4 Stealth
 + Level 4.7 Shields
 + Level 4.7 Unarmed Combat
 + Level 7.0 Spellcasting
 + Level 8.2 Conjurations
 + Level 3.9 Hexes
 + Level 3.9 Summonings
 + Level 3.9 Necromancy
 + Level 3.9 Translocations
 + Level 3.9 Transmutations
 + Level 3.9 Fire Magic
 + Level 3.9 Ice Magic
 + Level 3.9 Air Magic
 + Level 3.9 Earth Magic
 + Level 3.9 Poison Magic
 + Level 5.2 Invocations
 + Level 4.7 Evocations


You had 9 spell levels left.
You knew the following spells:

 Your Spells              Type           Power      Damage    Failure   Level
a - Magic Dart            Conj           100%       1d8       1%          1
b - Searing Ray           Conj           100%       3d7       1%          2
c - Iskenderun's Mystic   Conj/Tloc      46%        2d10      8%          4
d - Frozen Ramparts       Ice            44%        1d6       5%          3
e - Ozocubu's Armour      Ice            22%        N/A       5%          3

Your spell library contained the following spells:

 Spells                   Type           Power      Damage    Failure   Level
 Shock                    Conj/Air       100%       1d9       1%          1
 Beastly Appendage        Tmut           44%        N/A       1%          1
 Freeze                   Ice            88%        1d10      1%          1
 Wereblood                Tmut           22%        N/A       2%          2
 Dazzling Flash           Conj/Hex       92%        N/A       2%          3
 Spider Form              Tmut/Pois      11%        N/A       5%          3
 Fulminant Prism          Conj/Hex       23%        3d13      8%          4
 Hailstorm                Conj/Ice       46%        3d11      8%          4
 Ice Form                 Ice/Tmut       22%        N/A       19%         4
 Summon Ice Beast         Ice/Summ       22%        N/A       19%         4
 Blade Hands              Tmut           11%        N/A       45%         5


Dungeon Overview and Level Annotations

Branches:
Dungeon (8/15)             Temple (0/1) D:7
   Lair: D:8-11

Altars:
Dithmenos
Hepliaklqana
Makhleb
Okawaru
Trog
Vehumet
Wu Jian
Yredelemnul

Annotations:
D:5 2 transporters, bisexualwizard's ghost, novice OpMo
D:8 Joseph


Innate Abilities, Weirdness & Mutations

You have very sharp teeth.
Your uncanny sense of smell can sniff out nearby items.
Your experience applies equally to all skills.


Message History

Casting: Iskenderun's Mystic Blast (dangerous; 8% risk of failure)
Confirm with . or Enter, or press ? or * to list all spells.
Aiming: Magic Dart (safe; 1% risk of failure)
Press: ? - help, Shift-Dir - straight line, f/p - Joseph
Aim: Joseph, wielding a +0 hunting sling, wearing a +0 leather armour and quivering sling bullets (moderately wounded, 0% to evade)
You feel a surge of power!
The magic dart hits Joseph but does no damage.
Joseph is moderately wounded.
Joseph shoots a sling bullet.
The sling bullet barely misses you.
Unknown command.
Your icy armour will break if you move.
Continue?
Your icy armour cracks and falls away as you move.
Joseph shoots a sling bullet.
The sling bullet hits you!!
Joseph shoots a sling bullet.
The sling bullet hits you!
* * * LOW HITPOINT WARNING * * *
You see here 19 gold pieces.
Okay, then.
As you read the scroll of identify, it crumbles to dust.
k - 3 potions of flight Joseph says, "You must be punished!
Or...
I want to punish you!" The phantom closely misses you.
Press: ? - help, v - describe, . - travel
Here: Joseph, wielding a +0 hunting sling, wearing a +0 leather armour and quivering sling bullets (moderately wounded)
The floor.
It was a potion of resistance.
You feel protected. The phantom closely misses you.
You feel better. The phantom hits you.
* * * LOW HITPOINT WARNING * * *
You feel yourself speed up. The phantom hits you.
* * * LOW HITPOINT WARNING * * *
Unknown command.
You feel better.
Joseph unwields a +0 hunting sling.
Joseph wields a +2 quarterstaff of draining.
You sense an unholy aura.
Joseph hits you with a +2 quarterstaff of draining!
* * * LOW HITPOINT WARNING * * *
You feel drained.
You die...

#................ .#
#.....#.######.##..###
.............).........
#####.###.######.##..###
#.# #.# #.# .# # #.# #.#
..## ##.######.##...##
........@.#..P..#
#.#...@W.....P..
#.#.####......P. #
#......PPP.
.....§.........
##.##.....§P§.. ..
.....P.P.§PP
....P....P.P.
#.##........P. #.
#.#.P..#.#P


You could see Joseph and a phantom.

Vanquished Creatures
  Erica (D:8)
  Maggie (D:7)
  Sigmund (D:5)
  Edmund (D:5)
  A water moccasin (D:7)
  A black bear (D:6)
  An ice beast (D:6)
  2 ogres
  2 centaurs
  A phantom (D:4)
  2 bullfrogs (D:6)
  A water moccasin zombie (D:6)
  A scorpion (D:6)
  A water moccasin skeleton (D:5)
  8 wights
  A crimson imp (D:4)
  An orc priest (D:5)
  3 iguanas
  Terence (D:3)
  Natasha (thrice) (D:2)
  3 orc wizards
  3 worker ants
  A killer bee zombie (D:5)
  A howler monkey zombie (D:7)
  12 adders
  A shadow imp (D:5)
  An ufetubus (D:7)
  An adder skeleton (D:4)
  2 worms
  A dart slug (D:3)
  14 orcs
  8 bats
  4 giant cockroaches
  6 goblins
  7 hobgoblins
  13 jackals
  6 kobolds
  13 oozes
  13 quokkas
  6 ball pythons
  A frilled lizard (D:3)
  8 rats
159 creatures vanquished.

Vanquished Creatures (others)
  3 plants (D:8)
3 creatures vanquished.

Grand Total: 162 creatures vanquished

Notes
Turn   | Place    | Note
-------+----------+-------------------------------------------
     0 | D:1      | HendSelp the Gnoll Conjurer began the quest for the Orb.
     0 | D:1      | Reached XP level 1. HP: 13/13 MP: 6/6
   147 | D:1      | Reached XP level 2. HP: 19/19 MP: 1/7
  1215 | D:2      | Noticed Natasha
  1220 | D:2      | Killed Natasha
  1221 | D:2      | Reached skill level 5 in Spellcasting
  1221 | D:2      | Reached skill level 1 in Invocations
  1221 | D:2      | Reached XP level 3. HP: 25/25 MP: 0/9
  1409 | D:2      | Reached skill level 1 in Fighting
  1409 | D:2      | Reached skill level 1 in Short Blades
  1409 | D:2      | Reached skill level 1 in Long Blades
  1409 | D:2      | Reached skill level 1 in Axes
  1409 | D:2      | Reached skill level 1 in Maces & Flails
  1409 | D:2      | Reached skill level 1 in Polearms
  1409 | D:2      | Reached skill level 1 in Staves
  1409 | D:2      | Reached skill level 1 in Slings
  1409 | D:2      | Reached skill level 1 in Bows
  1409 | D:2      | Reached skill level 1 in Crossbows
  1409 | D:2      | Reached skill level 1 in Throwing
  1409 | D:2      | Reached skill level 1 in Armour
  1409 | D:2      | Reached skill level 1 in Shields
  1409 | D:2      | Reached skill level 1 in Unarmed Combat
  1409 | D:2      | Reached skill level 1 in Evocations
  1534 | D:2      | Reached XP level 4. HP: 32/32 MP: 8/11
  1646 | D:2      | Noticed Natasha
  1653 | D:2      | Killed Natasha
  1657 | D:2      | Reached skill level 1 in Hexes
  1657 | D:2      | Reached skill level 1 in Summonings
  1657 | D:2      | Reached skill level 1 in Necromancy
  1657 | D:2      | Reached skill level 1 in Translocations
  1657 | D:2      | Reached skill level 1 in Transmutations
  1657 | D:2      | Reached skill level 1 in Fire Magic
  1657 | D:2      | Reached skill level 1 in Ice Magic
  1657 | D:2      | Reached skill level 1 in Air Magic
  1657 | D:2      | Reached skill level 1 in Earth Magic
  1657 | D:2      | Reached skill level 1 in Poison Magic
  1752 | D:2      | Learned a level 2 spell: Searing Ray
  2079 | D:2      | Reached XP level 5. HP: 37/37 MP: 7/12
  2214 | D:2      | Noticed Natasha
  2222 | D:2      | Killed Natasha
  2414 | D:3      | Noticed Terence
  2419 | D:3      | Killed Terence
  2606 | D:3      | Found a radiant altar of Vehumet.
  2738 | D:3      | Reached XP level 6. HP: 44/44 MP: 11/13
  3029 | D:3      | Found a basalt altar of Yredelemnul.
  3787 | D:4      | Reached skill level 5 in Dodging
  3964 | D:4      | Found a shadowy altar of Dithmenos.
  4167 | D:4      | Reached XP level 7. HP: 41/50 MP: 7/15
  4357 | D:4      | Found a burning altar of Makhleb.
  4729 | D:3      | Became a worshipper of Vehumet
  4780 | D:5      | Entered Level 5 of the Dungeon
  4807 | D:5      | Noticed Sigmund
  4813 | D:5      | Killed Sigmund
  4814 | D:5      | Reached skill level 5 in Stealth
  4895 | D:5      | Noticed bisexualwizard's ghost (novice OpMo)
  4897 | D:5      | Found a transporter.
  5346 | D:5      | Found a transporter.
  5628 | D:5      | Found a bloodstained altar of Trog.
  5650 | D:5      | Reached XP level 8. HP: 57/57 MP: 11/16
  5689 | D:5      | Noticed Edmund
  5697 | D:5      | Killed Edmund
  7087 | D:6      | Reached * piety under Vehumet
  7087 | D:6      | Offered knowledge of Shock by Vehumet.
  7134 | D:6      | Found an iron altar of Okawaru.
  7363 | D:6      | Reached XP level 9. HP: 65/65 MP: 1/18
  7585 | D:6      | Learned a level 4 spell: Iskenderun's Mystic Blast
  7813 | D:7      | Learned a level 3 spell: Frozen Ramparts
  7830 | D:7      | Learned a level 3 spell: Ozocubu's Armour
  8108 | D:7      | Found an ornate altar of the Wu Jian Council.
  8548 | D:7      | Found a staircase to the Ecumenical Temple.
  8565 | D:7      | Noticed Maggie
  8575 | D:7      | Killed Maggie
  8576 | D:7      | Reached skill level 8 in Conjurations
  9362 | D:8      | Found a basalt altar of Yredelemnul.
  9404 | D:8      | Noticed Erica
  9414 | D:8      | Killed Erica
  9415 | D:8      | Reached skill level 5 in Invocations
  9551 | D:8      | Found a hazy altar of Hepliaklqana.
  9553 | D:8      | Noticed Joseph
  9575 | D:8      | HP: 1/66 [Joseph/+2 quarterstaff of draining (17)]
  9575 | D:8      | Slain by Joseph

Illustrated notes

Levels and vault maps discovered:
D:1:      amcnicky_arrival_choice, layout_basic, serial_corexii_hall,
          chequers_hall_statues_y, chequers_hall_statues_y, minmay_bisected
D:2:      layout_basic, uniq_natasha
D:3:      layout_loops_ring, lemuel_coloured_pillars_altar, marbit_many_paths,
          uniq_terence
D:4:      layout_loops_ring, makhleb_grotto_becter, kennysheep_mini_moat,
          kennysheep_small_circle
D:5:      layout_basic, trog_antimagical, gammafunk_ghost_arena, uniq_edmund,
          uniq_sigmund
D:6:      layout_basic, lemuel_crystal_altar, minmay_circle_x
D:7:      layout_loops_corners, general_overflow_altar,
          minmay_temple_entry_crystal_x, uniq_maggie
D:8:      layout_basic, nicolae_hepliaklqana_hazy_memory, basic_altar,
          hangedman_minor_gate_pass, uniq_joseph, uniq_gastronok, uniq_psyche,
          uniq_erica

Skill      XL: |  1  2  3  4  5  6  7  8  9 |
---------------+----------------------------+-----
Spellcasting   | 5 6 7 |  7.0
Invocations    | 1 2 3 4 5 |  5.2
Fighting       | 1 2 3 4 |  4.7
Short Blades   | 1 2 3 4 |  4.7
Long Blades    | 1 2 3 4 |  4.7
Axes           | 1 2 3 4 |  4.7
Maces & Flails | 1 2 3 4 |  4.7
Polearms       | 1 2 3 4 |  4.7
Staves         | 1 2 3 4 |  4.7
Slings         | 1 2 3 4 |  4.7
Bows           | 1 2 3 4 |  4.7
Crossbows      | 1 2 3 4 |  4.7
Throwing       | 1 2 3 4 |  4.7
Armour         | 1 2 3 4 |  4.7
Shields        | 1 2 3 4 |  4.7
Unarmed Combat | 1 2 3 4 |  4.7
Evocations     | 1 2 3 4 |  4.7
Hexes          | 1 2 3 |  3.9
Summonings     | 1 2 3 |  3.9
Necromancy     | 1 2 3 |  3.9
Translocations | 1 2 3 |  3.9
Transmutations | 1 2 3 |  3.9
Fire Magic     | 1 2 3 |  3.9
Ice Magic      | 1 2 3 |  3.9
Air Magic      | 1 2 3 |  3.9
Earth Magic    | 1 2 3 |  3.9
Poison Magic   | 1 2 3 |  3.9
Dodging        | 5 6 |  6.6
Stealth        | 5 6 |  6.4
Conjurations   | 8 |  8.2

Action                   |  1- 3 |  4- 6 |  7- 9 || total
-------------------------+-------+-------+-------++-------
Melee: Short sword       |       |     1 |       ||     1
       Staff             |       |       |     4 ||     4
 Cast: Magic Dart        |    57 |   142 |   168 ||   367
       Searing Ray       |       |     3 |    29 ||    32
       Ozocubu's Armour  |       |       |     5 ||     5
       Frozen Ramparts   |       |       |     4 ||     4
       Iskenderun's Myst |       |       |     2 ||     2
Evoke: Wand              |       |       |     1 ||     1
  Use: Scroll            |       |       |     4 ||     4
       Potion            |       |       |     4 ||     4
 Stab: Sleeping          |       |     1 |       ||     1
Armor: Robe              |     1 |     1 |     5 ||     7
Dodge: Dodged            |       |    11 |    43 ||    54

Table legend: (Time is in decaauts)
 A = Elapsed time spent in this place.
 B = Non-inter-level travel time spent in this place.
 C = Inter-level travel time spent in this place.
 D = Time resting spent in this place.
 E = Time spent auto-exploring this place.
 F = Levels seen in this place.
 G = Mean time per level.
                   A        B        C        D        E       F      G
               +--------+--------+--------+--------+--------+-----+--------+
         Total |   9582 |   9246 |    336 |    921 |   7458 |   8 | 1197.8 |
       Dungeon |   9582 |   9246 |    336 |    921 |   7458 |   8 | 1197.8 |
               +--------+--------+--------+--------+--------+-----+--------+

Top non-repeatable levels by time:
     D:6: 1749 daAuts
     D:7: 1638 daAuts
     D:3: 1416 daAuts
     D:2: 1295 daAuts
     D:5: 1183 daAuts
     D:1: 1127 daAuts
     D:4: 949 daAuts
     D:8: 221 daAuts
